 Dungeon Crawl Stone Soup version 0.31-a0-175-g9f7f995f2b (webtiles) character file.

Game seed: 13041565346083975550

186 qw the Chopper (level 5, 0/32 HPs)
             Began as a Gargoyle Fighter on June 17, 2023.
             Slain by an orc wizard
             ... wielding a +0 dagger
              (4 damage)
             ... on level 4 of the Dungeon.
             The game lasted 00:01:18 (2465 turns).

qw the Chopper (Gargoyle Fighter)                   Turns: 2465, Time: 00:01:18

Health: 0/32       AC: 13    Str: 21    XL:     5   Next: 65%
Magic:  0/5        EV:  7    Int:  9    God:
Gold:   111        SH:  0    Dex:  9    Spells: 4/4 levels left

rFire   . . .        Y - +0 war axe (freeze)
rCold   . . .        c - +0 buckler
rNeg    + . .        g - +0 chain mail
rPois   inf          (no helmet)
rElec   +            (no cloak)
rCorr   .            (no gloves)
SInv    .            (no boots)
Will    .....        k - amulet of guardian spirit Stlth
                     (no ring)
HPRegen 0.25/turn    (no ring)
MPRegen 0.09/turn

%: guardian spirit
@: confused
A: sickness immunity, AC +4, negative energy resistance 1, electricity
resistance, torment resistance 1, petrification resistance
a: no special abilities


You were on level 4 of the Dungeon.
You visited 1 branch of the dungeon, and saw 4 of its levels.

You collected 111 gold pieces.


Innate Abilities, Weirdness & Mutations

You are immune to sickness and miasma.
Your stone body is resilient. (AC +4)
You are immune to poison.
You resist negative energy. (rN+)
You are resistant to electric shocks. (rElec)
You are resistant to unholy torment.
You are immune to petrification.


   Skills:
 + Level 3.4 Fighting
 - Level 5.1 Axes
 - Level 3.2 Armour
 - Level 3.2 Shields


You had 4 spell levels left.
You didn't know any spells.
Your spell library was empty.

Inventory:

Hand Weapons
 h - a +0 whip
 Y - a +0 war axe of freezing (weapon)
Armour
 c - a +0 buckler (worn)
 g - a +0 chain mail (worn)
Jewellery
 k - an amulet of guardian spirit (around neck)
Scrolls
 a - a scroll of teleportation
 j - a scroll of identify
Potions
 b - a potion of mutation {unknown}
 d - a potion of might
 e - a potion of cancellation
 f - a potion of enlightenment {unknown}

Dungeon Overview and Level Annotations

Branches:
Dungeon (4/15)
 Temple: D:4-7

Altars:


Message History

You barely miss the adder.
The adder is heavily wounded.
You barely miss something.
The adder is no longer moving slowly.
The orc completely misses you. The adder bites you but does no damage.
You miss the adder.
The adder is heavily wounded.
You closely miss something. The adder completely misses you.
You hear some strange, mumbled words.
A puff of flame appears from out of thin air!
The puff of flame hits you. The orc hits you but does no damage.
You block the adder's attack.
You closely miss the adder.
The adder is heavily wounded.
You closely miss something. Something hits you but does no damage.
The orc hits you but does no damage. You block the adder's attack.
You completely miss the adder.
The adder is heavily wounded.
You miss something. The adder bites you but does no damage.
Something hits you but does no damage. You block the orc's attack.
The adder bites you but does no damage. The orc hits you but does no damage.
Something hits you but does no damage.
You closely miss the adder.
The adder is heavily wounded.
You miss something. The adder barely misses you. You block the orc's attack.
Something hits you. The adder bites you but does no damage.
You miss the adder.
The adder is heavily wounded.
You barely miss something.
You hear some strange, mumbled words.
You are confused.
The orc completely misses you. The adder bites you but does no damage.
The adder bites you. Something hits you but does no damage.
The orc hits you but does no damage. The adder bites you but does no damage.
The orc hits you from afar with a +0 trident!
Something hits you.
You die...

#...#... #......
#...... #......
..#.....#+##
......oo...#
.....B{S...#
#@)..#### #.......#
#....##...
###....####.# ..
#.#........>#
....#...###########
...........#......#
......#.##.##.###.#
...####.##.##.# #.#


You could see an adder, 2 orcs and a giant cockroach.

Vanquished Creatures
  An orc wizard (D:4)
  3 gnolls (D:4)
  7 adders
  A worm (D:2)
  2 dart slugs
  An orc (D:4)
  5 ball pythons
  7 endoplasms
  4 giant cockroaches
  8 goblins
  5 hobgoblins
  6 jackals
  7 kobolds
  A frilled lizard (D:3)
  3 rats
61 creatures vanquished.

Notes
Turn   | Place    | Note
-------+----------+-------------------------------------------
     0 | D:1      | qw the Gargoyle Fighter began the quest for the Orb.
     0 | D:1      | Reached XP level 1. HP: 14/14 MP: 1/1
     0 | D:1      | 0 ||| qw: Version: 0.3-a-2-g5ab2908
     0 | D:1      | 0 ||| qw: Game counter: 268
     0 | D:1      | 0 ||| qw: Always use a shield: true
     0 | D:1      | 0 ||| qw: God list: Okawaru
     0 | D:1      | 0 ||| qw: Allow faded altars: false
     0 | D:1      | 0 ||| qw: Do Orc after D:15 true
     0 | D:1      | 0 ||| qw: Do second Lair branch before Depths: true
     0 | D:1      | 0 ||| qw: Lair rune preference: random
     0 | D:1      | 0 ||| qw: Plans: Normal, Zot:1-4, Slime:5, God:TSO, Crypt,
                  | Tomb, Abyss, Pan, Hells, Win
     0 | D:1      | 0 ||| PLANNING D:1-11
    20 | D:1      | 20 ||| Stepping ~*~*~tactically~*~*~ (stealth).
    23 | D:1      | 23 ||| Stepping ~*~*~tactically~*~*~ (stealth).
    26 | D:1      | Reached skill level 2 in Axes
    26 | D:1      | 26 ||| Stepping ~*~*~tactically~*~*~ (hiding).
   185 | D:1      | Reached XP level 2. HP: 19/19 MP: 2/2
   242 | D:1      | 242 ||| DROPPING +0 club.
   374 | D:1      | Reached skill level 3 in Axes
   593 | D:1      | 593 ||| UPGRADING to +0 chain mail.
   603 | D:1      | 603 ||| DROPPING +0 scale mail.
   604 | D:1      | 604 ||| UPGRADING to amulet of guardian spirit.
   609 | D:1      | 609 ||| READING scroll labelled KESTRE FAUFRAPP.
   610 | D:1      | 610 ||| READING scroll labelled FOCZUI AXZU.
   673 | D:2      | Reached XP level 3. HP: 21/23 MP: 3/3
   811 | D:2      | 811 ||| Stepping ~*~*~tactically~*~*~ (stealth).
   812 | D:2      | 812 ||| Stepping ~*~*~tactically~*~*~ (stealth).
   818 | D:2      | 818 ||| Stepping ~*~*~tactically~*~*~ (stealth).
  1063 | D:2      | Reached XP level 4. HP: 25/28 MP: 4/4
  1438 | D:2      | 1438 ||| READING 2 scrolls labelled ZOL ISASYO.
  1442 | D:2      | 1442 ||| READING scroll labelled LIM FEEMISH.
  1443 | D:2      | 1443 ||| READING scroll labelled HUACESU HEAX.
  1444 | D:2      | 1444 ||| DRINKING 2 cyan potions.
  1445 | D:2      | 1445 ||| DRINKING 3 bubbling orange potions.
  1507 | D:3      | Reached skill level 4 in Axes
  1770 | D:3      | 1770 ||| Stepping ~*~*~tactically~*~*~ (hiding).
  2048 | D:3      | 2048 ||| DROPPING +0 ring mail of positive energy.
  2049 | D:3      | 2049 ||| DRINKING 2 emerald potions.
  2050 | D:3      | 2050 ||| DRINKING 2 potions of curing.
  2050 | D:3      | 2050 ||| (to cure confusion)
  2051 | D:3      | 2051 ||| DROPPING potion of ambrosia.
  2197 | D:3      | Reached XP level 5. HP: 32/32 MP: 5/5
  2245 | D:3      | 2245 ||| READING scroll labelled EPLISI FIALAZ.
  2246 | D:3      | 2246 ||| READING 2 scrolls labelled APHAOCECVE.
  2355 | D:4      | 2355 ||| FLEEEEING.
  2356 | D:4      | 2356 ||| FLEEEEING.
  2357 | D:4      | 2357 ||| FLEEEEING.
  2358 | D:4      | 2358 ||| FLEEEEING.
  2359 | D:4      | 2359 ||| FLEEEEING.
  2361 | D:4      | 2361 ||| FLEEEEING.
  2362 | D:4      | 2362 ||| FLEEEEING.
  2363 | D:4      | 2363 ||| FLEEEEING.
  2364 | D:4      | 2364 ||| FLEEEEING.
  2365 | D:4      | 2365 ||| FLEEEEING.
  2366 | D:4      | 2366 ||| STAIRDANCE
  2445 | D:4      | 2445 ||| DRINKING potion of curing.
  2445 | D:4      | 2445 ||| (to cure confusion)
  2455 | D:4      | Reached skill level 5 in Axes
  2465 | D:4      | HP: 4/32 [orc/+0 trident (6)]
  2465 | D:4      | Slain by an orc wizard

Levels and vault maps discovered:
D:1:      dpeg_arrival_rooms_with_view, layout_basic
D:2:      layout_basic
D:3:      layout_basic, kennysheep_generic_room_8
D:4:      layout_basic, minmay_temple_entry_stoned_glass

Skill      XL: |  1  2  3  4  5 |
---------------+----------------+-----
Axes           | 2 3 4 5 |  5.1
Fighting       | |  3.4
Armour         | |  3.2
Shields        | |  3.2

Action                     |  1- 3 |  4- 6 || total
---------------------------+-------+-------++-------
  Melee: War axe           |    80 |   100 ||   180
    Use: Scroll            |     2 |     5 ||     7
         Potion            |       |     5 ||     5
 Armour: Scale mail        |    16 |       ||    16
         Chain mail        |    20 |    81 ||   101
  Dodge: Dodged            |    25 |    50 ||    75
  Block: Buckler           |     8 |    21 ||    29

Table legend:
 A = Non-vault XP
 B = Vault XP
 C = Vault XP percentage of total XP
 D = Non-vault monster count
 E = Vault monster count
 F = Vault count percentage of total count
                 A         B        C        D         E       F
            +---------+---------+-------+---------+---------+-------
      Total |     248 |      18 |   6.8 |      57 |       4 |   6.6
            +---------+---------+-------+---------+---------+-------
        D:1 |      29 |       4 |  12.1 |      16 |       2 |  11.1
        D:2 |      63 |       0 |   0.0 |      21 |       0 |   0.0
        D:3 |      62 |      14 |  18.4 |      14 |       2 |  12.5
        D:4 |      94 |       0 |   0.0 |       6 |       0 |   0.0
            +---------+---------+-------+---------+---------+-------
